 Dungeon Crawl Stone Soup version 0.14.1 (webtiles) character file.

168 Heini the Skirmisher (level 4, -2/41 HPs)
             Began as a Hill Orc Fighter on May 1, 2014.
             Slain by a gnoll
             ... wielding a +0,+1 halberd
              (5 damage)
             ... on Level 2 of the Dungeon.
             The game lasted 00:05:33 (1956 turns).

Heini the Skirmisher (Hill Orc Fighter)             Turns: 1956, Time: 00:05:33

HP  -2/41        AC 13     Str 19      XL: 4   Next: 68%
MP   4/4         EV  4     Int  8      God:
Gold 71          SH 18     Dex 10      Spells:  0 memorised,  3 levels left

rFire  . . .     SeeInvis .     a - +0,+1 war axe
rCold  . . .     Clarity  .     m - +0 chain mail (curse)
rNeg   . . .     Conserve .     c - +0 shield
rPois  .         rCorr    .     (no helmet)
rElec  .         rRot     .     h - +0 cloak
SustAb . .       Spirit   .     t - +2 pair of gloves
rMut   .         Warding  .     (no boots)
Saprov + . .     Stasis   .     (no amulet)
MR     .....                    (no ring)
                                (no ring)

@: not resistant to hostile enchantments, extremely unstealthy
A: saprovore 1
a: no special abilities


You were on level 2 of the Dungeon.
You were not hungry.

You visited 1 branch of the dungeon, and saw 2 of its levels.

You collected 71 gold pieces.

Inventory:

Hand weapons
 a - a +0,+1 war axe (weapon)
Armour
 b - a +0 scale mail
 c - a +0 shield (worn)
 h - a +0 cloak (worn)
 k - a +0 plate armour
 m - a cursed +0 chain mail (worn)
 t - a +2 pair of gloves (worn)
Comestibles
 d - a meat ration
 i - a rotting chunk of ball python flesh
 l - a pear
 s - a bread ration
 w - 3 rotting chunks of gnoll flesh
 x - 2 chunks of human flesh
Scrolls
 f - 2 scrolls of teleportation
Jewellery
 o - a cursed ring of teleportation {unknown}
 r - a cursed ring of teleportation {unknown}
Potions
 e - a potion of might
 g - a potion of haste {unknown}
 j - a potion of flight {unknown}
 n - a potion of resistance {unknown}
 p - a potion of confusion {unknown}
 q - a potion of agility {unknown}
 u - a potion of heal wounds {unknown}


   Skills:
 * Level 4.7 Fighting
 * Level 4.0 Axes
 * Level 4.3 Armour
 - Level 3.2 Shields


You had 3 spell levels left.
You didn't know any spells.

Dungeon Overview and Level Annotations

Branches:
Dungeon (2/15)

Altars:


Innate Abilities, Weirdness & Mutations

You can tolerate rotten meat.


Message History

You slash the gnoll!
You kill the gnoll!
Your Axes skill increases to level 4!
You block the gnoll's attack.
The gnoll hits you from afar with a spear.
* * * LOW HITPOINT WARNING * * *
The gnoll hits you but does no damage. The gnoll hits you but does no damage.
The gnoll unwields an uncursed spear.
The gnoll drops an uncursed spear.
The gnoll picks up a halberd.
The gnoll wields a halberd.
Things that are here:
a giant newt corpse; a jackal corpse; a jackal corpse The gnoll hits you from afar with a halberd.
* * * LOW HITPOINT WARNING * * *
The gnoll hits you from afar with a halberd.
* * * LOW HITPOINT WARNING * * *
Some of the chunks of flesh in your inventory have completely rotted away.
The gnoll hits you but does no damage.
The gnoll hits you from afar with a halberd.
You die...

................##....##........#
................##....##....#....
................##....##.........
....##..........##....##.....#...
................##....#......#.##
................'%....%..........
..?....)........#######.%........
................###...#..........
................@.....#####.#....
.......%......##.................
....##.%......##..g..............
....##.............g.............
....##..........####............#
######..........####............#
#...........g...............
..............................
#.........................#....


You could see 2 gnolls.

Vanquished Creatures
  Terence (D:2)
  2 gnolls (D:2)
  2 adders
  A worm (D:2)
  2 giant geckos
  2 ball pythons
  7 bats
  A giant cockroach (D:2)
  4 goblins
  4 hobgoblins
  3 kobolds
  3 giant newts
  3 jackals (D:2)
  4 rats
39 creatures vanquished.

Notes
Turn   | Place    | Note
--------------------------------------------------------------
     0 | D:1      | Heini, the Hill Orc Fighter, began the quest for the Orb.
     0 | D:1      | Reached XP level 1. HP: 19/19 MP: 1/1
   133 | D:1      | Reached skill level 4 in Fighting
   134 | D:1      | Reached XP level 2. HP: 27/27 MP: 2/2
   851 | D:1      | Reached XP level 3. HP: 33/33 MP: 3/3
  1571 | D:2      | Reached XP level 4. HP: 31/41 MP: 4/4
  1880 | D:2      | Noticed Terence
  1894 | D:2      | Killed Terence
  1943 | D:2      | HP: 2/41 [gnoll/halberd (6)]
  1956 | D:2      | Slain by a gnoll

Action                   |  1- 3 |  4- 6 || total
-------------------------+-------+-------++-------
Melee: War axe           |   134 |    36 ||   170
  Use: Scroll            |     4 |       ||     4
